[Event "POL-chT 2 Liga 2019"]
[Site "Poronin"]
[Date "2019.09.14"]
[Round "8.2"]
[White "Dudzinski, Piotr"]
[Black "Kozak, Antoni"]
[Result "1/2-1/2"]
[ECO "B13"]
[WhiteElo "2355"]
[BlackElo "2341"]
[Annotator "NA"]
[PlyCount "154"]
[EventDate "2019.09.07"]
[EventType "team-tourn"]
[EventCountry "POL"]
[SourceTitle "playchess.com"]
[Source "ChessBase"]
[SourceQuality "1"]
[TimeControl "40/5400+30:1800+30"]

1. e4 c6 2. d4 d5 3. exd5 cxd5 4. Bd3 Nc6 5. c3 Qc7 6. Ne2 Bg4 7. O-O e6 8. f3 Bh5 9. Bf4 Bd6 10. Qd2 Bg6 11. Bxd6 Qxd6 12. Na3 Nge7 13. Nc2 f6 14. Kh1 Bf7 15. Ne3 O-O-O 16. b4 Kb8 17. a4 Nc8 18. a5 Bg6 19. b5 N6e7 20. Nc2 Bxd3 21. Qxd3 Qc7 22. Rfb1 Qc4 23. Qxc4 dxc4 24. Ne3 Nd6 25. Nf4 Ng6 26. Nxe6 Rde8 27. d5 Nf8 28. Rb4 Nxe6 29. dxe6 Rxe6 30. Nxc4 Rc8 31. Nxd6 Rxd6 32. c4 Rd4 33. Rc1 Re8 34. b6 axb6 35. axb6 Re2 36. Rbb1 Kc8 37. Ra1 Rdd2 38. Rg1 Kd7 39. Ra8 Rc2 40. h3 Kc6 41. Rg8 Re7 42. Rb1 Rce2 43. Rc8+ Kd7 44. Rc7+ Ke8 45. Kg1 Rd7 46. c5 Rxc7 47. bxc7 Kd7 48. Rxb7 Kc8 49. Ra7 g6 50. g4 Rc2 51. Ra8+ Kxc7 52. Rh8 Rxc5 53. Rxh7+ Kd8 54. Rh6 Ke7 55. Rxg6 Kf7 56. Rh6 Kg7 57. Rh4 Rc2 58. Rh5 Kg6 59. Rf5 Ra2 60. h4 Rb2 61. h5+ Kg7 62. Kf1 Ra2 63. Ke1 Rb2 64. Rd5 Kh6 65. Rd2 Rb5 66. Kf2 f5 67. Rd6+ Kg5 68. Rg6+ Kf4 69. Rf6 Rb2+ 70. Ke1 Kxf3 71. gxf5 Kg4 72. h6 Rh2 73. Kf1 Kg5 74. Rf8 Rxh6 75. Kf2 Rf6 76. Rxf6 Kxf6 77. Kf3 Kxf5 {[%emt 0:00:05] Ke4+ Ke5+} 1/2-1/2

[Event "POL-chT 2 Liga 2019"]
[Site "Poronin"]
[Date "2019.09.14"]
[Round "8.3"]
[White "Mis, Mieszko"]
[Black "Janaszak, Dawid"]
[Result "1/2-1/2"]
[ECO "E62"]
[WhiteElo "2320"]
[BlackElo "2351"]
[Annotator "NA"]
[PlyCount "83"]
[EventDate "2019.09.07"]
[EventType "team-tourn"]
[EventCountry "POL"]
[SourceTitle "playchess.com"]
[Source "ChessBase"]
[SourceQuality "1"]
[TimeControl "40/5400+30:1800+30"]

1. d4 Nf6 2. c4 g6 3. g3 Bg7 4. Bg2 O-O 5. Nc3 d6 6. Nf3 Nc6 7. O-O Rb8 8. b3 a6 9. d5 Na5 10. Bg5 c5 11. dxc6 Nxc6 12. Rc1 h6 13. Bd2 Be6 14. Ne1 Qd7 15. Nd5 Kh7 16. Bc3 Ne8 17. Bxg7 Nxg7 18. Nd3 Bh3 19. Bxh3 Qxh3 20. b4 Rbe8 21. b5 Ne5 22. N3f4 Qd7 23. bxa6 bxa6 24. c5 dxc5 25. Rxc5 Rc8 26. Qc2 Rxc5 27. Qxc5 g5 28. Rd1 Rc8 29. Qd4 f6 30. Ng2 Kh8 31. Nge3 Qe6 32. Qb4 Ng6 33. Qb6 Qxb6 34. Nxb6 Rc6 35. Nec4 Ne5 36. Nxe5 fxe5 37. Rd8+ Kh7 38. Nd7 Rd6 39. Nf8+ Kg8 40. Ne6+ Kf7 41. Rxd6 exd6 42. Nxg7 1/2-1/2

[Event "POL-chT 2 Liga 2019"]
[Site "Poronin"]
[Date "2019.09.14"]
[Round "8.4"]
[White "Malovanyi, Yulian"]
[Black "Szpar, Milosz"]
[Result "1-0"]
[ECO "B23"]
[WhiteElo "2320"]
[BlackElo "2309"]
[Annotator "NA"]
[PlyCount "127"]
[EventDate "2019.09.07"]
[EventType "team-tourn"]
[EventCountry "POL"]
[SourceTitle "playchess.com"]
[Source "ChessBase"]
[SourceQuality "1"]
[TimeControl "40/5400+30:1800+30"]

1. e4 c5 2. Nc3 Nc6 3. Nge2 e5 4. Nd5 Nge7 5. Nec3 d6 6. Bc4 Nxd5 7. Nxd5 Be7 8. d3 O-O 9. f4 exf4 10. Bxf4 Bg5 11. O-O Rb8 12. a4 Be6 13. Qd2 Bxf4 14. Rxf4 Ne7 15. Nxe7+ Qxe7 16. b3 Qd8 17. Raf1 d5 18. exd5 Bxd5 19. Qf2 Bxc4 20. bxc4 Qc7 21. Re4 Rfe8 22. Rfe1 Kf8 23. Qf5 Re7 24. Re5 Rxe5 25. Re4 Kg8 26. Qxe5 Qxe5 27. Rxe5 b6 28. Re7 a5 29. Kf2 Kf8 30. Rc7 Re8 31. Rc6 Rb8 32. c3 Ke7 33. Rc7+ Ke6 34. d4 cxd4 35. cxd4 Rd8 36. Ke3 Rd7 37. Rc8 Rd6 38. Rh8 h6 39. Rg8 g5 40. Rb8 f5 41. Rb7 Kf6 42. d5 h5 43. g3 Ke5 44. Re7+ Kf6 45. Re8 Kf7 46. Rb8 Rf6 47. Rb7+ Ke8 48. h4 gxh4 49. gxh4 Rg6 50. Kf4 Rg4+ 51. Kxf5 Rxh4 52. Rc7 Rg4 53. d6 Kd8 54. c5 bxc5 55. Rh7 c4 56. Rxh5 Rg1 57. Ke6 Rg6+ 58. Kd5 c3 59. Kc6 Ke8 60. Re5+ Kf7 61. Rc5 Rg4 62. d7 Rd4 63. Rxc3 Rd1 64. Kc7 1-0

[Event "POL-chT 2 Liga 2019"]
[Site "Poronin"]
[Date "2019.09.14"]
[Round "8.5"]
[White "Mika, Tomasz"]
[Black "Dudzinski, Pawel"]
[Result "0-1"]
[ECO "A40"]
[WhiteElo "2136"]
[BlackElo "2194"]
[Annotator "NA"]
[PlyCount "104"]
[EventDate "2019.09.07"]
[EventType "team-tourn"]
[EventCountry "POL"]
[SourceTitle "playchess.com"]
[Source "ChessBase"]
[SourceQuality "1"]
[TimeControl "40/5400+30:1800+30"]

1. d4 c6 2. Nc3 d5 3. Bf4 Nf6 4. e3 Bf5 5. f3 e6 6. g4 Bg6 7. h4 h5 8. g5 Ng8 9. Bd3 Ne7 10. Nge2 Bxd3 11. Qxd3 Ng6 12. Bg3 Bd6 13. Bxd6 Qxd6 14. O-O-O Nd7 15. e4 O-O-O 16. Kb1 Kb8 17. f4 Nb6 18. f5 exf5 19. exf5 Ne7 20. Rhe1 g6 21. Ng3 Qd7 22. Qf3 Nxf5 23. Nxf5 Qxf5 24. Qxf5 gxf5 25. Re7 Rhf8 26. Rf1 Nc8 27. Re3 Nd6 28. Kc1 Rde8 29. Re5 Nc4 30. Re2 Nd6 31. Re5 Nc4 32. Re2 Nd6 33. Rf3 Kc7 34. Re5 Kd7 35. Ne2 f6 36. Rxe8 Rxe8 37. Nf4 fxg5 38. hxg5 Re1+ 39. Kd2 Rg1 40. g6 h4 41. Rh3 Rg4 42. Nd3 Ke7 43. c3 Kf6 44. Ke3 Kxg6 45. Ne5+ Kg5 46. Nxg4 fxg4 47. Rh1 h3 48. Rf1 h2 49. Kf2 Ne4+ 50. Kg2 g3 51. Rf3 Kg4 52. b3 h1=B+ 0-1

[Event "POL-chT 2 Liga 2019"]
[Site "Poronin"]
[Date "2019.09.14"]
[Round "8.6"]
[White "Czerwinska, Milena"]
[Black "Swiech, Joanna"]
[Result "1/2-1/2"]
[ECO "C45"]
[WhiteElo "2006"]
[BlackElo "2055"]
[Annotator "NA"]
[PlyCount "94"]
[EventDate "2019.09.07"]
[EventType "team-tourn"]
[EventCountry "POL"]
[SourceTitle "playchess.com"]
[Source "ChessBase"]
[SourceQuality "1"]
[TimeControl "40/5400+30:1800+30"]

1. e4 e5 2. Nf3 Nc6 3. d4 exd4 4. Nxd4 Nf6 5. Nxc6 bxc6 6. e5 Qe7 7. Qe2 Nd5 8. c4 Ba6 9. Nd2 g6 10. Nf3 Bg7 11. Bg5 Qb4+ 12. Qd2 Qxd2+ 13. Bxd2 Nb6 14. b3 O-O 15. O-O-O Rfe8 16. Re1 c5 17. Bd3 Bb7 18. Be4 Bxe4 19. Rxe4 Re7 20. Ree1 Rae8 21. Bf4 a5 22. a4 h6 23. h4 Re6 24. Kd1 Nc8 25. Bd2 Ra6 26. Kc2 Na7 27. Bc3 Nc6 28. Rd1 d6 29. exd6 cxd6 30. Bxg7 Kxg7 31. Rhe1 Re6 32. Kc3 Kf6 33. Rxe6+ Kxe6 34. Re1+ Kd7 35. Re2 Ra8 36. Re4 Re8 37. Rxe8 Kxe8 38. Kd3 Ke7 39. Ke4 f5+ 40. Ke3 Ke6 41. g3 Kf6 42. Kd3 Ne5+ 43. Ke3 Nxf3 44. Kxf3 Ke5 45. Ke3 g5 46. hxg5 hxg5 47. f4+ gxf4+ 1/2-1/2

[Event "POL-chT 2 Liga 2019"]
[Site "Poronin"]
[Date "2019.09.14"]
[Round "8.7"]
[White "Oglaza, Oskar"]
[Black "Stachowiak, Kamil"]
[Result "1-0"]
[ECO "B38"]
[WhiteElo "2351"]
[BlackElo "2444"]
[Annotator "NA"]
[PlyCount "101"]
[EventDate "2019.09.07"]
[EventType "team-tourn"]
[EventCountry "POL"]
[SourceTitle "playchess.com"]
[Source "ChessBase"]
[SourceQuality "1"]
[TimeControl "40/5400+30:1800+30"]

1. e4 c5 2. Nf3 Nc6 3. d4 cxd4 4. Nxd4 g6 5. c4 Bg7 6. Be3 Nf6 7. Nc3 d6 8. Be2 Bd7 9. O-O O-O 10. Qd2 Nxd4 11. Bxd4 a5 12. b3 Bc6 13. f3 Nd7 14. Be3 Nc5 15. Rab1 e6 16. Rfd1 Be5 17. Bd4 Qe7 18. a3 a4 19. Bxe5 dxe5 20. b4 Nb3 21. Qe3 Nd4 22. Rxd4 exd4 23. Qxd4 Qg5 24. Kf2 Qh4+ 25. Kg1 Qg5 26. Kf2 Qh4+ 27. Kf1 Qg5 28. b5 Rfd8 29. Qf2 Qd2 30. bxc6 bxc6 31. Qe1 Qe3 32. Qc1 Rd2 33. Rb2 Rad8 34. Rxd2 Qxd2 35. Qxd2 Rxd2 36. e5 Rc2 37. Nxa4 Ra2 38. f4 Rxa3 39. Nc5 h5 40. Ke1 Kf8 41. Kd2 Ra5 42. Kc3 g5 43. Bxh5 gxf4 44. Kb4 Ra1 45. Bf3 Ke7 46. Bxc6 f6 47. exf6+ Kxf6 48. Nd3 Kf5 49. c5 e5 50. Bd7+ Ke4 51. Kc4 {[%emt 0:00:05] Kd5+} 1-0

[Event "POL-chT 2 Liga 2019"]
[Site "Poronin"]
[Date "2019.09.14"]
[Round "8.8"]
[White "Dobrowolski, Piotr"]
[Black "Pacan-Milej, Kosma"]
[Result "0-1"]
[ECO "B90"]
[WhiteElo "2415"]
[BlackElo "2287"]
[Annotator "NA"]
[PlyCount "76"]
[EventDate "2019.09.07"]
[EventType "team-tourn"]
[EventCountry "POL"]
[SourceTitle "playchess.com"]
[Source "ChessBase"]
[SourceQuality "1"]
[TimeControl "40/5400+30:1800+30"]

1. e4 c5 2. Nf3 d6 3. d4 cxd4 4. Nxd4 Nf6 5. Nc3 a6 6. Be3 e5 7. Nf3 Be7 8. Bc4 O-O 9. O-O Nc6 10. Bb3 Na5 11. Qe2 Nxb3 12. axb3 h6 13. Rfd1 Qe8 14. Nd2 b5 15. Nf1 b4 16. Na4 Nxe4 17. Nb6 Rb8 18. Nxc8 Rxc8 19. Rxa6 f5 20. Ng3 Nc5 21. Bxc5 Rxc5 22. Ra7 Rf7 23. Rda1 Bf8 24. h3 e4 25. Qd2 Rxa7 26. Rxa7 Qe5 27. Ne2 Rd5 28. Qc1 g5 29. g3 Bg7 30. c3 bxc3 31. bxc3 Rd3 32. b4 e3 33. Ra5 exf2+ 34. Kxf2 Qe4 35. Ra2 f4 36. gxf4 Rf3+ 37. Kg1 Rxh3 38. Kf1 Qf3+ 0-1

[Event "POL-chT 2 Liga 2019"]
[Site "Poronin"]
[Date "2019.09.14"]
[Round "8.9"]
[White "Licznerski, Lukasz"]
[Black "Piotrowski, Przemyslaw"]
[Result "1-0"]
[ECO "B58"]
[WhiteElo "2356"]
[BlackElo "2293"]
[Annotator "NA"]
[PlyCount "81"]
[EventDate "2019.09.07"]
[EventType "team-tourn"]
[EventCountry "POL"]
[SourceTitle "playchess.com"]
[Source "ChessBase"]
[SourceQuality "1"]
[TimeControl "40/5400+30:1800+30"]

1. e4 c5 2. Nf3 Nc6 3. d4 cxd4 4. Nxd4 Nf6 5. Nc3 d6 6. Be2 e5 7. Nf3 h6 8. O-O Be7 9. Re1 Be6 10. Bf1 O-O 11. h3 Qa5 12. a3 Rac8 13. Rb1 Qc7 14. b4 Rfd8 15. Nd5 Bxd5 16. exd5 Nb8 17. c4 b5 18. cxb5 Qb7 19. Qb3 Qxd5 20. Be3 Rd7 21. Red1 Qxb3 22. Rxb3 Bd8 23. a4 Bb6 24. Bxb6 axb6 25. a5 Ne4 26. a6 Nc3 27. Ra1 Ra7 28. Kh2 Rcc7 29. Nd2 d5 30. Nc4 Nxb5 31. Nxb6 Nd4 32. Rbb1 Nxa6 33. Nxd5 Rd7 34. Nb6 Rdc7 35. Bxa6 Rc6 36. Nc8 Raxa6 37. Ne7+ Kf8 38. Nxc6 Rxc6 39. Ra5 f6 40. Ra8+ Kf7 41. Rb8 1-0

[Event "POL-chT 2 Liga 2019"]
[Site "Poronin"]
[Date "2019.09.14"]
[Round "8.10"]
[White "Fudalej, Michal"]
[Black "Punin, Andrii"]
[Result "0-1"]
[ECO "B48"]
[WhiteElo "2235"]
[BlackElo "2325"]
[Annotator "NA"]
[PlyCount "56"]
[EventDate "2019.09.07"]
[EventType "team-tourn"]
[EventCountry "POL"]
[SourceTitle "playchess.com"]
[Source "ChessBase"]
[SourceQuality "1"]
[TimeControl "40/5400+30:1800+30"]

1. e4 c5 2. Nc3 e6 3. Nf3 Nc6 4. d4 cxd4 5. Nxd4 Qc7 6. Be3 a6 7. f4 b5 8. Nb3 Nf6 9. e5 b4 10. Nb5 axb5 11. exf6 gxf6 12. Bxb5 Ba6 13. Bxa6 Rxa6 14. Qd3 Ra8 15. O-O f5 16. c3 Rg8 17. Rfd1 Qb7 18. g3 d6 19. Nd4 Nxd4 20. Qxd4 bxc3 21. Qxc3 Rc8 22. Qd2 Be7 23. Rdc1 Kd7 24. b4 h5 25. Qd4 h4 26. Rxc8 Rxc8 27. Rc1 h3 28. Qb2 Bf6 0-1

[Event "POL-chT 2 Liga 2019"]
[Site "Poronin"]
[Date "2019.09.14"]
[Round "8.12"]
[White "Dmochowska, Agnieszka"]
[Black "Starosta, Martyna"]
[Result "0-1"]
[ECO "C60"]
[WhiteElo "2110"]
[BlackElo "1814"]
[Annotator "NA"]
[PlyCount "50"]
[EventDate "2019.09.07"]
[EventType "team-tourn"]
[EventCountry "POL"]
[SourceTitle "playchess.com"]
[Source "ChessBase"]
[SourceQuality "1"]
[TimeControl "40/5400+30:1800+30"]

1. e4 e5 2. Nf3 Nc6 3. Bb5 g6 4. d4 exd4 5. c3 dxc3 6. Nxc3 a6 7. Bc4 d6 8. Qb3 Qd7 9. Nd5 Bg7 10. Bg5 h6 11. Bh4 g5 12. Bg3 Nge7 13. Nxc7+ Qxc7 14. Bxf7+ Kd8 15. Rd1 Qa5+ 16. Ke2 Ne5 17. Rxd6+ Kc7 18. Qc2+ Kb8 19. h3 Ka7 20. a4 Nxf7 21. b4 Qxb4 22. Rb1 Qc3 23. Qd1 Nxd6 24. Qxd6 Nc6 25. Nd2 Rd8 0-1

[Event "POL-chT 2 Liga 2019"]
[Site "Poronin"]
[Date "2019.09.14"]
[Round "8.13"]
[White "Pakleza, Zbigniew"]
[Black "Sieciechowicz, Marcin"]
[Result "1/2-1/2"]
[ECO "D14"]
[WhiteElo "2491"]
[BlackElo "2364"]
[Annotator "ChessBase"]
[PlyCount "92"]
[EventDate "2019.09.07"]
[EventType "team-tourn"]
[EventCountry "POL"]
[SourceTitle "playchess.com"]
[Source "ChessBase"]
[SourceQuality "1"]
[TimeControl "40/5400+30:1800+30"]

1. Nf3 Nf6 2. c4 c6 3. d4 d5 4. cxd5 cxd5 5. Nc3 Nc6 6. Bf4 Bf5 7. Qb3 Na5 8. Qa4+ Bd7 9. Qc2 e6 10. e3 Rc8 11. Bd3 Be7 12. h3 h6 13. O-O O-O 14. Rfc1 Bb4 15. Ne5 Be8 16. Qe2 Nc6 17. a3 Be7 18. Rc2 Nxe5 19. Bxe5 Bc6 20. b4 a6 21. Rac1 Qd7 22. Nb1 Ne4 23. Nd2 Nxd2 24. Qxd2 Bd6 25. Bxd6 Qxd6 26. a4 Bd7 27. Rc5 b6 28. Rxc8 Rxc8 29. Rxc8+ Bxc8 30. Qc3 Bb7 31. a5 b5 32. Qc5 Qxc5 33. dxc5 Kf8 34. f4 Ke7 35. Kf2 f6 36. Bg6 Bc6 37. h4 Bb7 38. g4 Bc6 39. Ke2 Kd7 40. e4 dxe4 41. Ke3 Ke7 42. Bxe4 Bxe4 43. Kxe4 Kd7 44. g5 Kc7 45. Kf3 h5 46. Ke4 Kc6 1/2-1/2

[Event "POL-chT 2 Liga 2019"]
[Site "Poronin"]
[Date "2019.09.14"]
[Round "8.14"]
[White "Grela, Kacper"]
[Black "Jakubiec, Artur"]
[Result "1-0"]
[ECO "A59"]
[WhiteElo "2346"]
[BlackElo "2472"]
[Annotator "ChessBase"]
[PlyCount "81"]
[EventDate "2019.09.07"]
[EventType "team-tourn"]
[EventCountry "POL"]
[SourceTitle "playchess.com"]
[Source "ChessBase"]
[SourceQuality "1"]
[TimeControl "40/5400+30:1800+30"]

1. d4 Nf6 2. c4 c5 3. d5 b5 4. cxb5 a6 5. bxa6 Bxa6 6. Nc3 g6 7. e4 Bxf1 8. Kxf1 d6 9. g3 Bg7 10. Kg2 O-O 11. Nf3 Nbd7 12. a4 Qb6 13. Qc2 Qb7 14. Re1 Rfb8 15. Nb5 Nb6 16. Ra3 Nfd7 17. b3 c4 18. Nbd4 cxb3 19. Rxb3 Ra6 20. a5 Rxa5 21. Nc6 Ra4 22. Be3 Re8 23. Reb1 Ra6 24. Rb4 Kf8 25. Rb5 Rea8 26. Qb3 Ra3 27. Rxb6 Nxb6 28. Qxb6 Qxb6 29. Rxb6 R3a4 30. Rb7 Re8 31. e5 dxe5 32. Nxe7 Rc4 33. Nc6 h6 34. Nd2 Rc2 35. Nb4 Rb2 36. d6 Ra8 37. d7 Bf6 38. Rc7 Kg7 39. Rc8 Ra3 40. Nc4 Rxe3 41. Nxe3 1-0

[Event "POL-chT 2 Liga 2019"]
[Site "Poronin"]
[Date "2019.09.14"]
[Round "8.15"]
[White "Tymrakiewicz, Rafal"]
[Black "Komendecki, Jacek"]
[Result "1-0"]
[ECO "B27"]
[WhiteElo "2257"]
[BlackElo "2073"]
[Annotator "NA"]
[PlyCount "68"]
[EventDate "2019.09.07"]
[EventType "team-tourn"]
[EventCountry "POL"]
[SourceTitle "playchess.com"]
[Source "ChessBase"]
[SourceQuality "1"]
[TimeControl "40/5400+30:1800+30"]

1. e4 c5 2. Nf3 g6 3. d4 cxd4 4. c3 Bg7 5. Bc4 d3 6. Qb3 e6 7. O-O Nc6 8. Bxd3 Nge7 9. Bg5 O-O 10. Na3 d5 11. Rad1 Qc7 12. Rfe1 a6 13. exd5 Nxd5 14. Qa4 f6 15. Bc1 Bd7 16. Qh4 b5 17. Be4 Nce7 18. Nc2 Rae8 19. a3 Bc8 20. Bh6 Qb6 21. Nb4 Bb7 22. Rd2 a5 23. Bxg7 Kxg7 24. Nxd5 Nxd5 25. Red1 Rd8 26. Bb1 e5 27. Ne1 Nf4 28. Rd7+ Rxd7 29. Rxd7+ Rf7 30. Rxf7+ Kxf7 31. Qxh7+ Ke6 32. Bxg6 Qd8 33. Bf5+ Kd6 34. Qxb7 Ne6 1-0

[Event "POL-chT 2 Liga 2019"]
[Site "Poronin"]
[Date "2019.09.14"]
[Round "8.16"]
[White "Kowalak, Piotr"]
[Black "Szoen, Dariusz"]
[Result "1/2-1/2"]
[ECO "B91"]
[WhiteElo "2108"]
[BlackElo "2415"]
[Annotator "NA"]
[PlyCount "31"]
[EventDate "2019.09.07"]
[EventType "team-tourn"]
[EventCountry "POL"]
[SourceTitle "playchess.com"]
[Source "ChessBase"]
[SourceQuality "1"]
[TimeControl "40/5400+30:1800+30"]

1. e4 c5 2. Nf3 d6 3. d4 cxd4 4. Nxd4 Nf6 5. Nc3 a6 6. g3 e5 7. Nb3 Be7 8. Bg2 Nbd7 9. a4 O-O 10. O-O Qc7 11. Re1 Nc5 12. Nd2 Bg4 13. Bf3 Bxf3 14. Nxf3 Qc6 15. Bg5 Ne6 16. Nd5 1/2-1/2

[Event "POL-chT 2 Liga 2019"]
[Site "Poronin"]
[Date "2019.09.14"]
[Round "8.17"]
[White "Gmaj, Krzysztof"]
[Black "Krawiec, Grzegorz"]
[Result "1-0"]
[ECO "A40"]
[WhiteElo "2120"]
[BlackElo "1792"]
[Annotator "NA"]
[PlyCount "65"]
[EventDate "2019.09.07"]
[EventType "team-tourn"]
[EventCountry "POL"]
[SourceTitle "playchess.com"]
[Source "ChessBase"]
[SourceQuality "1"]
[TimeControl "40/5400+30:1800+30"]

1. d4 e6 2. Nf3 Nf6 3. Bf4 d5 4. e3 c5 5. c3 Qb6 6. Qb3 Bd7 7. h3 c4 8. Qc2 Bd6 9. Nbd2 Nh5 10. Bxd6 Qxd6 11. Ne5 O-O 12. g4 Nf6 13. Bg2 Nc6 14. f4 b5 15. a3 a5 16. O-O b4 17. e4 bxc3 18. bxc3 Ne8 19. Nxd7 Qxd7 20. f5 Rb8 21. fxe6 fxe6 22. Rxf8+ Kxf8 23. exd5 exd5 24. Qxh7 Nf6 25. Rf1 Ke8 26. Qg6+ Kd8 27. g5 Ng8 28. Rf7 Nge7 29. Qxg7 Rb2 30. Nf1 Rb3 31. g6 Rxc3 32. Qf8+ Qe8 33. Bxd5 1-0

[Event "POL-chT 2 Liga 2019"]
[Site "Poronin"]
[Date "2019.09.14"]
[Round "8.18"]
[White "Karykowska, Anna"]
[Black "Kubicka, Anna"]
[Result "0-1"]
[ECO "B06"]
[WhiteElo "1895"]
[BlackElo "2225"]
[Annotator "NA"]
[PlyCount "92"]
[EventDate "2019.09.07"]
[EventType "team-tourn"]
[EventCountry "POL"]
[SourceTitle "playchess.com"]
[Source "ChessBase"]
[SourceQuality "1"]
[TimeControl "40/5400+30:1800+30"]

1. e4 g6 2. d4 Bg7 3. Nc3 d6 4. f4 Nf6 5. a3 O-O 6. Nf3 c5 7. dxc5 dxc5 8. Qxd8 Rxd8 9. e5 Nh5 10. Bc4 Bh6 11. O-O Nc6 12. Ne2 Na5 13. Ba2 b6 14. b4 Ba6 15. Kf2 cxb4 16. axb4 Bxe2 17. Kxe2 Nc6 18. c3 Nxf4+ 19. Bxf4 Bxf4 20. g3 Bh6 21. b5 Na5 22. Rad1 e6 23. Rxd8+ Rxd8 24. Rd1 Rxd1 25. Kxd1 Nb7 26. Nd4 Bg7 27. Nc6 Na5 28. Nxa5 bxa5 29. Kc2 Bxe5 30. Kd3 Kf8 31. c4 Ke7 32. c5 Bc7 33. Bb3 f5 34. Ke3 Kf6 35. Kf3 h6 36. Bc2 Ke5 37. Bb3 Kd4 38. b6 axb6 39. cxb6 Bxb6 40. Bxe6 a4 41. h4 a3 42. h5 g5 43. Bg8 Kc3 44. g4 fxg4+ 45. Kxg4 Kb2 46. Kf5 Be3 0-1

[Event "POL-chT 2 Liga 2019"]
[Site "Poronin"]
[Date "2019.09.14"]
[Round "8.19"]
[White "Wandzik, Wojciech"]
[Black "Bator, Robert"]
[Result "1/2-1/2"]
[ECO "B31"]
[WhiteElo "2409"]
[BlackElo "2358"]
[Annotator "NA"]
[PlyCount "68"]
[EventDate "2019.09.07"]
[EventType "team-tourn"]
[EventCountry "POL"]
[SourceTitle "playchess.com"]
[Source "ChessBase"]
[SourceQuality "1"]
[TimeControl "40/5400+30:1800+30"]

1. e4 c5 2. Nf3 Nc6 3. Bb5 g6 4. O-O Bg7 5. Re1 Nf6 6. c3 O-O 7. h3 Qb6 8. Na3 d5 9. e5 Ne8 10. d4 cxd4 11. cxd4 Nc7 12. Bf1 Bf5 13. g4 Be4 14. Nc4 Qa6 15. Ncd2 Bxf3 16. Nxf3 Qb6 17. Be3 f6 18. Qd2 Ne6 19. Bg2 fxe5 20. dxe5 d4 21. Bh6 Bxh6 22. Qxh6 Qxb2 23. Rab1 Qxa2 24. Rxb7 Rf4 25. Rc1 Ncd8 26. Rxe7 Nf7 27. Rxf7 Rxf7 28. Ng5 Qxf2+ 29. Kh1 Nxg5 30. Bxa8 Ne6 31. Bd5 Kh8 32. Bxe6 Qf3+ 33. Kg1 Qf2+ 34. Kh1 Qf3+ 1/2-1/2

[Event "POL-chT 2 Liga 2019"]
[Site "Poronin"]
[Date "2019.09.14"]
[Round "8.20"]
[White "Marszalek, Maciej"]
[Black "Lizak, Jakub"]
[Result "1/2-1/2"]
[ECO "A04"]
[WhiteElo "2301"]
[BlackElo "2236"]
[Annotator "NA"]
[PlyCount "52"]
[EventDate "2019.09.07"]
[EventType "team-tourn"]
[EventCountry "POL"]
[SourceTitle "playchess.com"]
[Source "ChessBase"]
[SourceQuality "1"]
[TimeControl "40/5400+30:1800+30"]

1. Nf3 g6 2. g3 Bg7 3. Bg2 d5 4. d4 Nf6 5. O-O O-O 6. c4 dxc4 7. Na3 c3 8. bxc3 c5 9. Re1 Nc6 10. Bb2 cxd4 11. cxd4 Qa5 12. Nc4 Qa6 13. Nfe5 Be6 14. Nxc6 bxc6 15. Ne5 Rfc8 16. Qd3 Qxd3 17. Nxd3 Rab8 18. Ba3 Nd7 19. e3 Bc4 20. Nc5 Nb6 21. Bh3 f5 22. g4 e6 23. Rec1 Bd5 24. Na6 Rb7 25. Nc5 Rbb8 26. Na6 Rb7 1/2-1/2

[Event "POL-chT 2 Liga 2019"]
[Site "Poronin"]
[Date "2019.09.14"]
[Round "8.21"]
[White "Duda, Lukasz"]
[Black "Brzeski, Maciej"]
[Result "0-1"]
[ECO "B24"]
[WhiteElo "2209"]
[BlackElo "2339"]
[Annotator "NA"]
[PlyCount "104"]
[EventDate "2019.09.07"]
[EventType "team-tourn"]
[EventCountry "POL"]
[SourceTitle "playchess.com"]
[Source "ChessBase"]
[SourceQuality "1"]
[TimeControl "40/5400+30:1800+30"]

1. e4 c5 2. Nc3 Nc6 3. d3 g6 4. Be3 Nd4 5. Qd2 Bg7 6. Nce2 d5 7. c3 Ne6 8. f3 Nf6 9. e5 d4 10. Bf2 Nd5 11. f4 b6 12. cxd4 cxd4 13. Nh3 Bb7 14. Rg1 Qd7 15. Rc1 f6 16. exf6 Bxf6 17. g4 Ne3 18. Bxe3 dxe3 19. Qxe3 Bxb2 20. Rb1 Bf6 21. Bg2 Nd4 22. Kf1 O-O-O 23. Bxb7+ Qxb7 24. Qe4 Qxe4 25. dxe4 Nf3 26. Rc1+ Kb7 27. Rg3 Nd2+ 28. Kg2 Nxe4 29. Re3 Nd6 30. Ng3 Rhe8 31. Rce1 e5 32. fxe5 Nc4 33. Rf3 Rxe5 34. Rxe5 Bxe5 35. Rf7+ Ka6 36. Ne4 Rd3 37. Nhg5 Ra3 38. Rxh7 Ne3+ 39. Kf3 Nd5+ 40. Ke2 Rxa2+ 41. Nd2 Nf6 42. Re7 Nxg4 43. Ngf3 Bf4 44. h3 Ne5 45. Nxe5 Rxd2+ 46. Kf3 Bxe5 47. Rxe5 Rd6 48. Kg4 b5 49. h4 Kb6 50. Kg5 a5 51. Re8 a4 52. Rb8+ Kc5 0-1

[Event "POL-chT 2 Liga 2019"]
[Site "Poronin"]
[Date "2019.09.14"]
[Round "8.22"]
[White "Jaskolka, Tomasz"]
[Black "Szolc, Grzegorz"]
[Result "1/2-1/2"]
[ECO "A46"]
[WhiteElo "2236"]
[BlackElo "2038"]
[Annotator "NA"]
[PlyCount "124"]
[EventDate "2019.09.07"]
[EventType "team-tourn"]
[EventCountry "POL"]
[SourceTitle "playchess.com"]
[Source "ChessBase"]
[SourceQuality "1"]
[TimeControl "40/5400+30:1800+30"]

1. d4 Nf6 2. Nf3 e6 3. e3 b6 4. Bd3 Bb7 5. Nbd2 c5 6. O-O d5 7. b3 Be7 8. Bb2 O-O 9. Ne5 Ne4 10. f3 Nxd2 11. Qxd2 f6 12. Ng4 Nc6 13. c3 f5 14. Nf2 a5 15. Rfe1 Ba6 16. Bxa6 Rxa6 17. e4 fxe4 18. fxe4 Ra7 19. Qe2 Kh8 20. Nd3 cxd4 21. cxd4 Bf6 22. e5 Bg5 23. Rf1 Raf7 24. Rxf7 Rxf7 25. Bc1 Nxd4 26. Qg4 Bxc1 27. Rxc1 Nf5 28. Nf4 Qd7 29. Qg5 Ne7 30. Ne2 h6 31. Qe3 b5 32. Qc5 Ng6 33. Nd4 Nxe5 34. Qc8+ Kh7 35. Nxe6 Qxc8 36. Rxc8 Kg6 37. Rc5 Kf5 38. Nd4+ Ke4 39. Nxb5 Rd7 40. Nc3+ Kd4 41. Na4 Nd3 42. Rxa5 Rc7 43. h4 Nf4 44. g3 Ne2+ 45. Kf2 Rc2 46. Kf3 Rxa2 47. Ra7 g5 48. h5 Nc1 49. Rh7 Nxb3 50. Nb6 Nd2+ 51. Kg4 Ne4 52. Rxh6 Ra3 53. Rc6 Rxg3+ 54. Kf5 Rf3+ 55. Kg6 g4 56. h6 Rh3 57. Rc1 g3 58. Rd1+ Kc5 59. Nxd5 g2 60. h7 Rh1 61. Rg1 Kxd5 62. Rxg2 Nf6 1/2-1/2

[Event "POL-chT 2 Liga 2019"]
[Site "Poronin"]
[Date "2019.09.14"]
[Round "8.23"]
[White "Kalmuk, Krzysztof"]
[Black "Pulik, Krzysztof"]
[Result "1-0"]
[ECO "D34"]
[WhiteElo "1999"]
[BlackElo "2131"]
[Annotator "NA"]
[PlyCount "71"]
[EventDate "2019.09.07"]
[EventType "team-tourn"]
[EventCountry "POL"]
[SourceTitle "playchess.com"]
[Source "ChessBase"]
[SourceQuality "1"]
[TimeControl "40/5400+30:1800+30"]

1. Nf3 d5 2. d4 e6 3. c4 c5 4. cxd5 exd5 5. Nc3 Nc6 6. g3 Nf6 7. Bg2 Be7 8. O-O O-O 9. Bg5 c4 10. Ne5 Be6 11. f4 Ng4 12. Nxg4 Bxg4 13. Bxd5 Bxg5 14. fxg5 Qxg5 15. Rf4 Rad8 16. Qd2 Kh8 17. Rd1 Bh5 18. Rxf7 Qxd2 19. Rxf8+ Rxf8 20. Rxd2 Na5 21. e4 Rd8 22. h3 g5 23. g4 Bg6 24. Kf2 a6 25. Ke3 b5 26. Rf2 Kg7 27. Ne2 b4 28. Ng3 Rb8 29. Nf5+ Kh8 30. Kd2 Rb6 31. Ne7 Kg7 32. Nxg6 Kxg6 33. e5 h6 34. Rf7 Rb5 35. Rd7 Rb6 36. Be4# 1-0